 Dungeon Crawl Stone Soup version 0.22.1-1-ga44c0e5 (webtiles) character file.

110 Starchild the Grave Robber (level 4, -6/24 HPs)
             Began as a Tengu Necromancer on Sept 20, 2018.
             Shot with an arrow by a centaur (8 damage)
             ... on level 6 of the Dungeon.
             The game lasted 00:09:41 (2481 turns).

Starchild the Grave Robber (Tengu Necromancer)      Turns: 2481, Time: 00:09:42

Health: -6/24      AC:  4    Str:  9    XL:     4   Next: 91%
Magic:  5/8        EV: 13    Int: 15    God:
Gold:   115        SH:  0    Dex: 20    Spells: 2/7 levels left

rFire    . . .     SeeInvis .   d - +0 dagger (curse)
rCold    . . .     Gourm    .   (no shield)
rNeg     . . .     Faith    .   a - +1 robe
rPois    .         Spirit   .   (helmet restricted)
rElec    .         Reflect  .   q - +0 cloak
rCorr    .         Harm     .   (no gloves)
MR       .....                  (boots unavailable)
Stlth    ++........             (no amulet)
HPRegen  0.48/turn              p - +3 ring of dexterity
MPRegen  0.11/turn              (no ring)

@: lethally poisoned (-6 -> -6)
A: beak, talons 3, agile 1, blink, regeneration 1
a: Blink


You were on level 6 of the Dungeon.
You were not hungry.

You visited 1 branch of the dungeon, and saw 4 of its levels.

You collected 115 gold pieces.

Inventory:

Hand Weapons
 b - a +0 club
 d - a cursed +0 dagger (weapon)
 s - a +5 short sword of draining
Missiles
 e - 38 bolts
 l - 43 arrows
 o - 50 stones (quivered)
Armour
 a - a +1 robe (worn)
 q - a +0 cloak (worn)
Jewellery
 p - a +3 ring of dexterity (left hand)
Scrolls
 m - 3 scrolls of identify
 t - a scroll of enchant armour
Potions
 f - a potion of mutation
 h - a potion of resistance {unknown}
 i - a potion of degeneration {unknown}
 j - 2 potions of agility {unknown}
 k - 2 potions of haste {unknown}
 r - 2 potions of flight {unknown}
Comestibles
 c - 8 rations


   Skills:
 - Level 2.1 Dodging
 - Level 2.0 Stealth
 - Level 2.0 Spellcasting
 + Level 6.7 Necromancy


You had 2 spell levels left.
You knew the following spells:

 Your Spells              Type           Power        Failure   Level  Hunger
a - Pain                  Necr           ###.         1%          1    #......
b - Animate Skeleton      Necr           N/A          1%          1    #......
c - Vampiric Draining     Necr           ###.......   4%          3    ###....

Your spell library contained the following spells:

 Spells                   Type           Power        Failure   Level  Hunger
 Animate Dead             Necr           N/A          14%         4    #####..
 Regeneration             Chrm/Necr      ##........   17%         3    ###....


Dungeon Overview and Level Annotations

Branches:
Dungeon (3/15)

Altars:
Qazlal

Annotations:
D:3 2 transporters, ThisFiasco's ghost, amateur SpEn


Innate Abilities, Weirdness & Mutations

You have a beak for a mouth.
You have claws for feet.
You are agile. (Dex +2)
You can translocate small distances at will.
Your natural rate of healing is unusually fast.


Message History

The arrow closely misses you.
Casting: Vampiric Draining (safe; 4% risk of failure)
Confirm with . or Enter, or press ? or * to list all spells.
You can't see any susceptible monsters within range! (Use Z to cast anyway.)
A necrophage comes into view.
The centaur shoots an arrow.
The arrow hits you!
* * * LOW HITPOINT WARNING * * *
You hear a shout!
The centaur shoots an arrow.
The arrow closely misses you.
* * * LOW HITPOINT WARNING * * *
You feel sick.
The centaur shoots an arrow.
The arrow barely misses you.
The bullfrog snags a nearby mosquito with its tongue.
You see here 2 arrows.
The centaur shoots an arrow.
The arrow hits you.
* * * LOW HITPOINT WARNING * * *
You see here an arrow.
It was a potion of mutation.
You feel extremely strange.
You feel jittery.
You begin to heal more quickly.
You feel agile.
The centaur shoots an arrow.
The arrow hits you!
You die...

### #.. #######
#.## ............
........##.# .#...
.........#.##.#...
..................
........n.@.#.#...
.........(..#....
............F.#
..............#...
.........(.......?
..................
.............>....
...c..............
..................


You could see a necrophage, a bullfrog and a centaur.

Vanquished Creatures
  Terence (D:3)
  2 adders (D:3)
  A shadow imp (D:3)
  An ooze (D:3)
  A dart slug (D:3)
  2 leopard geckos
  3 ball pythons
  5 giant cockroaches
  3 goblins
  5 hobgoblins (D:1)
  3 jackals (D:3)
  7 bats
  5 frilled lizards
  3 giant cockroach zombies (D:3)
  3 kobolds (D:2)
  6 rats
51 creatures vanquished.

Vanquished Creatures (collateral kills)
  An ooze (D:1)
  An orc (D:3)
  A bat (D:1)
3 creatures vanquished.

Grand Total: 54 creatures vanquished

Notes
Turn   | Place    | Note
-------+----------+-------------------------------------------
     0 | D:1      | Starchild the Tengu Necromancer began the quest for the
                  | Orb.
     0 | D:1      | Reached XP level 1. HP: 10/10 MP: 4/4
    33 | D:1      | Learned a level 1 spell: Animate Skeleton
   347 | D:1      | Reached XP level 2. HP: 9/15 MP: 4/6
   594 | D:1      | Reached skill level 5 in Necromancy
  1037 | D:1      | Reached XP level 3. HP: 19/19 MP: 7/7
  1454 | D:2      | Found a stormy altar of Qazlal.
  1494 | D:2      | Learned a level 3 spell: Vampiric Draining
  1900 | D:3      | Found a transporter.
  1901 | D:3      | Noticed ThisFiasco's ghost (amateur SpEn)
  1902 | D:3      | Found a transporter.
  1908 | D:3      | Noticed an ogre
  1913 | D:3      | Noticed an ogre
  1916 | D:3      | Noticed an ogre
  2021 | D:3      | Reached skill level 6 in Necromancy
  2021 | D:3      | Reached XP level 4. HP: 22/24 MP: 5/8
  2086 | D:3      | Noticed Terence
  2095 | D:3      | Killed Terence
  2410 | D:3      | You fall through a shaft for 3 floors!
  2467 | D:6      | Noticed a bullfrog
  2475 | D:6      | Noticed a bullfrog
  2475 | D:6      | Noticed a centaur
  2477 | D:6      | Noticed a necrophage
  2480 | D:6      | HP: 1/24 [centaur/arrow (2)]
  2481 | D:6      | Gained mutation: You can translocate small distances at
                  | will. [potion of mutation]
  2481 | D:6      | Gained mutation: Your natural rate of healing is unusually
                  | fast. [potion of mutation]
  2481 | D:6      | Gained mutation: You are agile. (Dex +2) [potion of
                  | mutation]
  2481 | D:6      | Shot with an arrow by a centaur

Skill      XL: |  1  2  3 |
---------------+----------+-----
Necromancy     | 5 6 |  6.7
Dodging        | |  2.1
Stealth        | |  2.0
Spellcasting   | |  2.0

Action                   |  1- 3 |  4- 6 || total
-------------------------+-------+-------++-------
Melee: Club              |    29 |       ||    29
       Kick              |    28 |     5 ||    33
       Peck              |    15 |     3 ||    18
       Dagger            |    85 |    30 ||   115
Throw: Stone             |     4 |     1 ||     5
 Cast: Animate Skeleton  |    13 |     2 ||    15
       Pain              |     7 |     4 ||    11
       Vampiric Draining |     1 |     3 ||     4
  Use: Scroll            |     4 |     3 ||     7
       Potion            |       |     1 ||     1
 Stab: Sleeping          |    10 |       ||    10
       Distracted        |       |     2 ||     2
  Eat: Chunk             |     4 |     2 ||     6
Armor: Robe              |    26 |    11 ||    37
Dodge: Dodged            |   106 |    38 ||   144
